AoeStats
← dumbcube

Four Lakes

508794898Analyzed
1v1 RM · 8d ago on Sep 24, 2026· 49m 54s· 2 players
Game mode
Random Map
Map size
Tiny (2 player)
Population
200
Speed
Normal
Resources
Standard
Victory
Conquest
Starting age
Dark Age
Ending age
Imperial Age
RankedLock teamsTeams togetherTeam positionsShared explorationLock speedFull tech treeHidden civsTurbo modeCheats
Victory
Defeat
🇺🇸 Varangians · United States
643
+15
🇲🇽 Franks · Mexico
621
-15
david_4573
1:33 Loom
10:56 Feudal Age
9:43 Loom
19:09 Castle Age
24:35 Padded Archer Armor
25:23 Double-Bit Axe
25:25 Elite Skirmisher
27:53 Leather Archer Armor
27:29 Fletching
30:38 Pikeman
31:20 Murder Holes
32:47 Bow Saw
33:45 Wheelbarrow
33:11 Man-at-Arms
41:07 Imperial Age
39:03 Hand Cart
39:37 Ballistics
39:22 Bodkin Arrow
40:30 Scale Mail Armor
39:58 Long Swordsman
42:07 Chain Mail Armor
41:17 Halberdier
43:49 Forging
45:02 Chemistry
47:17 Siege Engineers
dumbcube
8:33 Loom
11:14 Feudal Age
11:44 Double-Bit Axe
12:01 Horse Collar
18:44 Castle Age
20:32 Castle Age
20:59 Forging
20:50 Scale Mail Armor
21:02 Scale Barding Armor
22:41 Bow Saw
22:34 Heavy Plow
22:23 Fishing Lines
22:35 Pikeman
23:52 Light Cavalry
24:55 Gold Mining
25:47 Iron Casting
26:28 Bloodlines
36:21 Imperial Age
38:25 Blast Furnace
37:13 Arson
37:15 Gambesons
39:59 Chain Barding Armor
42:30 Hussar
Connection lost

Rejoining the realm…

Still unreachable

The connection could not be restored.

Session expired

The server has moved on; the page needs a fresh start.